 Dungeon Crawl Stone Soup version 0.28.0-47-ge53b351184 (webtiles) character file.

Game seed: 1191639644427745124

6397 pkoi the Frost Mage (level 10, -16/68 HPs)
             Began as an Octopode Ice Elementalist on May 8, 2022.
             Was a Follower of Sif Muna.
             Demolished by a komodo dragon (22 damage)
             ... on level 1 of the Lair of Beasts.
             The game lasted 00:20:34 (16173 turns).

pkoi the Frost Mage (Octopode Ice Elementalist)    Turns: 16173, Time: 00:20:35

Health: -16/68     AC:  1    Str:  7    XL:     10   Next: 98%
Magic:  24/24      EV: 15    Int: 22    God:    Sif Muna [*.....]
Gold:   513        SH:  0    Dex: 13    Spells: 4/15 levels left

rFire   . . .      SeeInvis +   a - +7 dagger (drain)
rCold   + . .      Faith    .   (no shield)
rNeg    + . .      Spirit   .   (helmet restricted)
rPois   .          Reflect  .   (no amulet)
rElec   .          Harm     .   g - ring of positive energy
rCorr   .          Rampage  .   u - ring of protection from cold
Will    .....      Clarity  +   z - ring of magical power
Stlth   ++++......              x - ring of see invisible
HPRegen 0.21/turn               (no ring)
MPRegen 0.19/turn               (no ring)
                                (no ring)
                                (no ring)

@: no status effects
A: almost no armour, amphibious, 8 rings, camouflage 1, gelatinous body 1,
(nimble swimmer 1), tentacles, beak, clarity
a: Renounce Religion, Channel Magic


You were on level 1 of the Lair of Beasts.
You worshipped Sif Muna.
Sif Muna was aware of your devotion.
You visited 3 branches of the dungeon, and saw 11 of its levels.

You collected 513 gold pieces.

Inventory:

Hand Weapons
 a - a +7 dagger of draining (weapon)
 b - a +0 vorpal hand crossbow
 e - a +0 whip
 f - a +0 trident
 w - a +3 rapier
Missiles
 c - 2 curare-tipped darts
 n - 4 throwing nets
 p - 135 bolts
Jewellery
 g - a ring of positive energy (left tentacle)
 r - a ring of fire
 u - a ring of protection from cold (right tentacle)
 x - a ring of see invisible (on tentacle)
 z - a ring of magical power (on tentacle)
Wands
 d - a wand of flame (11)
 l - a wand of charming (5)
 q - a wand of iceblast (16)
 y - a wand of mindburst (5)
Scrolls
 k - 7 scrolls of identify
 m - a scroll of enchant weapon
 t - a scroll of enchant armour
Potions
 h - 3 potions of might
 j - 2 potions of curing
 o - 2 potions of flight
 A - 2 potions of lignification
 B - a potion of cancellation
 C - 3 potions of heal wounds


   Skills:
 - Level 6.0 Fighting
 + Level 4.1 Short Blades
 + Level 5.3 Crossbows
 - Level 6.0 Dodging
 - Level 5.0 Stealth
 + Level 3.4 Spellcasting
 + Level 4.6 Conjurations
 + Level 10.3 Ice Magic
 - Level 2.0 Invocations
 - Level 3.0 Evocations


You had 4 spell levels left.
You knew the following spells:

 Your Spells              Type           Power      Damage    Failure   Level
a - Freeze                Ice            100%       1d11      1%          1
b - Frozen Ramparts       Ice            98%        1d11      1%          3
c - Ozocubu's Armour      Ice            49%        N/A       1%          3
d - Hailstorm             Conj/Ice       36%        3d9       5%          4

Your spell library contained the following spells:

 Spells                   Type           Power      Damage    Failure   Level
 Ensorcelled Hibernation  Hex/Ice        52%        N/A       2%          2
 Spider Form              Tmut/Pois      3%         N/A       34%         3
 Anguish                  Hex/Necr       1%         N/A       75%         4


Dungeon Overview and Level Annotations

Branches:
Dungeon (9/15)             Temple (1/1) D:7            Lair (1/6) D:8
    Orc: D:9-12

Altars:
Ashenzari
Cheibriados
Dithmenos
Elyvilon
Gozag
Hepliaklqana
Kikubaaqudgha
Nemelex Xobeh
Qazlal
Ru
Sif Muna
Trog
Uskayaw
Vehumet
Wu Jian
Xom
Yredelemnul
Zin
The Shining One

Annotations:
D:6 1 runed translucent door, BiteMe's ghost, novice DrCj
D:8 2 transporters, Cheops's ghost, novice VSFi


Innate Abilities, Weirdness & Mutations

You cannot wear most types of armour.
You are amphibious.
You can wear up to eight rings at the same time.
Your skin changes colour to match your surroundings (Stealth+).
Your rubbery body absorbs attacks. (AC +1, EV +1)
((You are camouflaged when in or above water. (Stealth+)))
You have tentacles for arms and can constrict up to eight enemies at once.
You have a beak for a mouth.
You possess an exceptional clarity of mind.


Message History

You hit the komodo dragon. You peck the komodo dragon.
The komodo dragon is heavily wounded.
The komodo dragon bites you!!
* * * LOW HITPOINT WARNING * * *
The komodo dragon bites you.
* * * LOW HITPOINT WARNING * * *
Unknown command.
You hit the komodo dragon but do no damage.
You squeeze the komodo dragon.
The komodo dragon is heavily wounded.
The komodo dragon closely misses you.
Unknown command.
You barely miss the komodo dragon. You squeeze the komodo dragon!
The komodo dragon is moderately wounded.
The komodo dragon bites you but does no damage.
The komodo dragon bites you!!
* * * LOW HITPOINT WARNING * * *
Unknown command.
As you read the scroll of fear, it crumbles to dust.
You assume a fearsome visage.
The komodo dragon looks frightened! x2
Okay, then.
Okay, then.
Unknown command.
Your icy armour will break if you move.
Continue?
Your icy armour cracks and falls away as you move.
The komodo dragon seems to regain its courage.
The komodo dragon barely misses you. The komodo dragon closely misses you.
Okay, then.
Aiming: Mindburst
Press: ? - help, Shift-Dir - straight line, f - komodo dragon
Aim: a komodo dragon (heavily wounded, lightly drained, chance to affect: 64%)
The komodo dragon struggles to resist.
The komodo dragon closely misses you. The komodo dragon barely misses you.
Unknown command.
Aiming: Mindburst
Press: ? - help, Shift-Dir - straight line, f/p - komodo dragon
Aim: a komodo dragon (heavily wounded, lightly drained, chance to affect: 64%)
The komodo dragon's mind is blasted!
The komodo dragon bites you!!
You die...

...# ♣.♣
♣♣.♣♣ ....#
♣.♣ ♣♣.♣
.....# ♣.♣
♣.♣♣
.....##
♣♣.♣ ♣♣.♣
#..P##
♣♣.♣♣ ♣.♣
♣.♣♣ ♣♣.♣
♣♣.♣ ♣..♣
♣♣l♣ ♣.♣♣
♣.@♣ ♣♣.♣
♣l♣♣ ♣..♣
♣)♣ ♣♣♣
♣.♣♣
♣.♣♣♣♣.♣♣♣
♣.♣♣
♣...♣....♣
♣♣.♣
♣.....♣..♣♣
♣.♣♣
♣♣...♣♣♣..♣
♣..♣ ♣♣♣.♣
♣..♣ ♣♣.♣
♣.♣ ♣♣.♣♣
♣♣.♣


You could see 2 komodo dragons.

Vanquished Creatures
  Pikel (D:4)
  Psyche (D:8)
  A troll (D:8)
  A polar bear (Lair:1)
  A shadow (D:8)
  A wraith (D:5)
  A wyvern (D:7)
  Eustachio (D:4)
  4 spriggans (Lair:1)
  A steam dragon (D:8)
  Menkaure (D:4)
  A water moccasin (D:5)
  2 orc warriors
  An ice beast (D:6)
  A black bear (D:8)
  A necrophage (D:5)
  13 wolves
  2 ogres
  2 lemures (D:4)
  2 phantoms
  4 bullfrogs
  2 scorpions
  4 killer bees (D:8)
  A howler monkey (D:6)
  2 electric eels (D:8)
  3 jellies
  11 hounds
  Crazy Yiuf (D:4)
  A centaur skeleton (D:6)
  An orc priest (D:5)
  5 iguanas
  Ijyb (D:4)
  3 orc wizards
  A hound zombie (D:5)
  A howler monkey zombie (D:8)
  Robin (D:2)
  2 adders
  4 gnolls (D:3)
  2 white imps (D:5)
  2 worms
  5 dart slugs
  15 orcs
  8 bats
  7 endoplasms
  3 giant cockroaches
  19 goblins
  5 hobgoblins
  5 quokkas
  5 ball pythons
  2 frilled lizards (D:1)
  12 kobolds
  5 rats
182 creatures vanquished.

Vanquished Creatures (collateral kills)
  Grum (D:8)
  A water moccasin (D:8)
  A wolf (D:8)
3 creatures vanquished.

Vanquished Creatures (others)
  2 fungi (Lair:1)
2 creatures vanquished.

Grand Total: 187 creatures vanquished

Notes
Turn   | Place    | Note
-------+----------+-------------------------------------------
     0 | D:1      | pkoi the Octopode Ice Elementalist began the quest for the
                  | Orb.
     0 | D:1      | Reached XP level 1. HP: 11/11 MP: 3/3
   587 | D:1      | Reached XP level 2. HP: 17/17 MP: 3/5
  1361 | D:1      | Found a faded altar of an unknown god.
  1536 | D:2      | Reached XP level 3. HP: 21/21 MP: 6/6
  1566 | D:2      | Reached skill level 5 in Ice Magic
  1998 | D:2      | Learned a level 3 spell: Ozocubu's Armour
  2176 | D:3      | Noticed Robin
  2192 | D:2      | Killed Robin
  2227 | D:3      | Reached XP level 4. HP: 20/27 MP: 7/7
  2866 | D:3      | Gained mutation: Your body sometimes deteriorates upon
                  | taking damage. [potion of mutation]
  2866 | D:3      | Lost mutation: Your body sometimes deteriorates upon taking
                  | damage. [potion of mutation]
  2866 | D:3      | Gained mutation: You possess an exceptional clarity of
                  | mind. [potion of mutation]
  2866 | D:3      | Gained mutation: You have a beak for a mouth. [potion of
                  | mutation]
  2946 | D:3      | Noticed an ogre
  2952 | D:3      | Learned a level 3 spell: Frozen Ramparts
  2958 | D:3      | Killed an ogre
  2959 | D:3      | Reached skill level 1 in Fighting
  2959 | D:3      | Reached skill level 6 in Ice Magic
  2959 | D:3      | Reached XP level 5. HP: 33/33 MP: 4/8
  3742 | D:3      | Reached XP level 6. HP: 4/39 MP: 7/9
  4319 | D:4      | Noticed Eustachio
  4337 | D:4      | Killed Eustachio
  4338 | D:4      | Reached skill level 7 in Ice Magic
  5012 | D:4      | Reached XP level 7. HP: 40/45 MP: 10/10
  5085 | D:4      | Noticed Menkaure
  5809 | D:4      | Noticed Ijyb
  5815 | D:4      | Killed Ijyb
  5952 | D:4      | Found a runed translucent door.
  5959 | D:4      | Noticed Crazy Yiuf
  5966 | D:4      | Killed Crazy Yiuf
  6026 | D:4      | Reached skill level 1 in Crossbows
  6409 | D:5      | Entered Level 5 of the Dungeon
  7175 | D:5      | Reached XP level 8. HP: 52/52 MP: 4/11
  7766 | D:5      | Noticed a wraith
  7795 | D:5      | Killed a wraith
  7796 | D:5      | Reached skill level 8 in Ice Magic
  8106 | D:5      | Learned a level 4 spell: Hailstorm
  8161 | D:5      | Found a snail-covered altar of Cheibriados.
  8167 | D:5      | Found a glowing golden altar of the Shining One.
  8707 | D:6      | Reached skill level 1 in Evocations
  8802 | D:6      | Identified the +1 scale mail of Articulation {-Tele Rampage
                  | rElec}
  8829 | D:6      | Reached skill level 1 in Conjurations
  9463 | D:6      | Reached XP level 9. HP: 53/58 MP: 5/12
  9614 | D:6      | Found a runed translucent door.
  9615 | D:6      | Found a shimmering altar of Xom.
  9615 | D:6      | Noticed BiteMe's ghost (novice DrCj)
  9615 | D:6      | Noticed a +1 rapier of chaos
  9723 | D:7      | Reached skill level 5 in Stealth
  9929 | D:7      | Found a bloodstained altar of Trog.
 10189 | D:7      | Found a staircase to the Ecumenical Temple.
 10207 | Temple   | Entered the Ecumenical Temple
 10342 | Temple   | Became a worshipper of Sif Muna the Loreminder
 10539 | D:7      | Reached skill level 1 in Short Blades
 10539 | D:7      | Reached skill level 5 in Dodging
 10830 | D:8      | Reached skill level 9 in Ice Magic
 10830 | D:8      | Reached skill level 1 in Invocations
 10999 | D:8      | Found a transporter.
 11009 | D:8      | Noticed a two-headed ogre
 11009 | D:8      | Noticed a moth of wrath
 11012 | D:8      | Noticed Cheops's ghost (novice VSFi)
 11014 | D:8      | Found a bloodstained altar of Trog.
 11029 | D:8      | Found a transporter.
 11054 | D:8      | Noticed a troll
 11068 | D:8      | Killed a troll
 12490 | D:8      | Found a staircase to the Lair.
 12619 | D:8      | Noticed Psyche
 12628 | D:8      | Killed Psyche
 12629 | D:8      | Reached skill level 5 in Fighting
 12629 | D:8      | Reached XP level 10. HP: 51/66 MP: 7/14
 12704 | D:8      | Noticed Grum
 12782 | D:8      | Killed Grum
 14429 | D:4      | Reached * piety under Sif Muna
 14437 | D:4      | Noticed Pikel
 14460 | D:4      | Killed Pikel
 14461 | D:4      | Reached skill level 10 in Ice Magic
 14546 | D:4      | Killed Menkaure
 14688 | D:4      | Found an ancient bone altar of Kikubaaqudgha.
 15504 | Lair:1   | Entered Level 1 of the Lair of Beasts
 15513 | Lair:1   | Reached skill level 5 in Crossbows
 16156 | Lair:1   | HP: 3/68 [komodo dragon (18)]
 16173 | Lair:1   | Demolished by a komodo dragon

Illustrated notes

Levels and vault maps discovered:
D:1:      dpeg_arrival_solitude, layout_rooms,
          shapermc_ecumenical_altar_hornbeckon, minmay_misc_feat_more_columns,
          wander_ebering_terrifying_dragon_lair
D:2:      layout_loops_cross
D:3:      layout_loops_corners, palyth_stone_intersect, uniq_robin
D:4:      layout_basic, kiku_gazebo_pond_becter, chequers_serial_rivers_large_b,
          chequers_serial_rivers_micro_d, uniq_ijyb, uniq_eustachio,
          uniq_menkaure, uniq_crazy_yiuf_cottage, uniq_pikel
D:5:      layout_basic, tso_oasis_becter, overflow_temple_1_default,
          kennysheep_pointless_box
D:6:      layout_basic, ebering_ghost_xom,
          nicolae_concentric_dashed_squares_mild
D:7:      layout_loops_cross, trog_hazing_becter, temple_statues, minivault_5,
          minmay_tree_intersection, feat_on_display
D:8:      layout_gridville, erik_lair_island, gammafunk_ghost_wrathful_warriors,
          kennysheep_generic_room_5, uniq_psyche, uniq_grum
D:9:      layout_basic
Temple:   regret_index_temple_waves
Lair:1:   kb_forest_paths, layout_gridlike, minmay_shattered_shrine,
          serial_bayou_shore_a, lemuel_fruit_fields

Skill      XL: |  1  2  3  4  5  6  7  8  9 10 |
---------------+-------------------------------+-----
Ice Magic      | 5 6 7 8 9 10 | 10.3
Fighting       | 1 2 3 4 5 6 |  6.0
Dodging        | 3 4 5 6 |  6.0
Crossbows      | 1 2 4 5 |  5.3
Stealth        | 3 4 5 |  5.0
Evocations     | 1 3 |  3.0
Conjurations   | 1 3 4 |  4.6
Short Blades   | 2 4 |  4.1
Invocations    | 2 |  2.0
Spellcasting   | 3 |  3.4

Action                   |  1- 3 |  4- 6 |  7- 9 | 10-12 || total
-------------------------+-------+-------+-------+-------++-------
Melee: Unarmed           |     1 |       |       |       ||     1
       Dagger            |    35 |    50 |   138 |    76 ||   299
       Tentacles         |     6 |     6 |    39 |    22 ||    73
       Punch             |     2 |     1 |       |     1 ||     4
       Constrict         |     6 |     8 |    29 |    12 ||    55
       Peck              |       |     3 |    42 |    15 ||    60
 Fire: Hand crossbow     |       |       |    17 |       ||    17
 Cast: Freeze            |    21 |     2 |     5 |       ||    28
       Frozen Ramparts   |       |     5 |    24 |    12 ||    41
       Ozocubu's Armour  |       |     2 |    22 |    16 ||    40
       Hailstorm         |       |       |     2 |       ||     2
Evoke: Wand              |       |     5 |     8 |     4 ||    17
  Use: Scroll            |     6 |     3 |     6 |     3 ||    18
       Potion            |     2 |     4 |       |       ||     6
 Stab: Sleeping          |     7 |     5 |    15 |     1 ||    28
Armor: Skin              |     8 |     5 |    31 |    15 ||    59
Dodge: Dodged            |    32 |    21 |   118 |    70 ||   241
